 Dungeon Crawl Stone Soup version 0.27.1-33-g824d729ab1 (webtiles) character file.

Game seed: 10461071063599800520

42 McKennaii the Caller (level 3, 0/26 HPs)
             Began as a Demigod Summoner on Dec 3, 2021.
             Slain by Grinder (4 damage)
             ... while paralysed by Grinder
             ... on level 3 of the Dungeon.
             The game lasted 00:04:34 (3355 turns).

McKennaii the Caller (Demigod Summoner)             Turns: 3355, Time: 00:04:35

Health: 0/26       AC:  2    Str:  9    XL:     3   Next: 19%
Magic:  4/9        EV:  2    Int: 21    God:
Gold:   44         SH:  0    Dex: 14    Spells: 4/7 levels left

rFire    . . .     SeeInvis .   h - staff of cold
rCold    + . .     Faith    .   (no shield)
rNeg     . . .     Spirit   .   a - +0 robe
rPois    .         Reflect  .   (no helmet)
rElec    .         Harm     .   (no cloak)
rCorr    .         Rampage  .   (no gloves)
Will     .....                  (no boots)
Stlth    ++........             (no amulet)
HPRegen  0.08/turn              (no ring)
MPRegen  0.11/turn              (no ring)

@: paralysed
A: high mp 1, forlorn
a: no special abilities


You were on level 3 of the Dungeon.
You visited 1 branch of the dungeon, and saw 3 of its levels.

You collected 44 gold pieces.

Inventory:

Armour
 a - a +0 robe (worn)
Magical Staves
 h - a staff of cold (weapon)
Scrolls
 b - 2 scrolls of silence {unknown}
 c - 3 scrolls of identify {unknown}
 f - a scroll of acquirement {unknown}
 g - a scroll of fear {unknown}
 i - a scroll of enchant weapon {unknown}
Potions
 d - a potion of flight {unknown}
 e - a potion of resistance {unknown}


   Skills:
 - Level 1.7 Dodging
 - Level 1.7 Stealth
 + Level 2.6 Spellcasting
 + Level 4.2 Summonings


You had 4 spell levels left.
You knew the following spells:

 Your Spells              Type           Power      Damage    Failure   Level
a - Summon Small Mammal   Summ           80%        N/A       2%          1
b - Call Imp              Summ           20%        N/A       3%          2

Your spell library contained the following spells:

 Spells                   Type           Power      Damage    Failure   Level
 Call Canine Familiar     Summ           20%        N/A       8%          3
 Summon Guardian Golem    Hex/Summ       11%        N/A       17%         3
 Summon Lightning Spire   Summ/Air       11%        N/A       50%         4


Dungeon Overview and Level Annotations

Branches:
Dungeon (3/15)

Shops:
D:1 :

Annotations:
D:3 Grinder


Innate Abilities, Weirdness & Mutations

Your attributes grow dramatically as you level up.
You have an increased reservoir of magic. (+10% MP)
You shall have no god before yourself.


Message History

Your crimson imp hits Grinder.
Grinder gestures at you.
Your quokka writhes in agony!
Your quokka dies!
Your quokka's corpse disappears in a puff of smoke!
Grinder hits your crimson imp but does no damage.
Your crimson imp blinks! x2
Casting: Call Imp (safe; 3% risk of failure)
Confirm with . or Enter, or press ? or * to list all spells.
You miscast Call Imp.
You are very lightly contaminated with residual magic.
Nothing appears to happen.
You swap places.
Grinder hits your crimson imp.
Casting: Call Imp (safe; 3% risk of failure)
Confirm with . or Enter, or press ? or * to list all spells.
A shadowy apparition takes form in the air.
Grinder hits your crimson imp!
Your crimson imp closely misses Grinder.
Unknown command.
Grinder hits your crimson imp.
Your crimson imp barely misses Grinder.
Grinder hits your crimson imp.
Your crimson imp dies!
Your crimson imp disappears in a puff of smoke!
Grinder blinks!
Your shadow imp hits Grinder but does no damage.
You closely miss Grinder.
Grinder is heavily wounded.
Grinder gestures at you.
You suddenly lose the ability to move!
Grinder hits you.
Your magical contamination has completely faded away.
Grinder hits you!
Your crimson imp hits Grinder.
Grinder says, "DUCK!"
Grinder hits you.
* * * LOW HITPOINT WARNING * * *
Your crimson imp hits Grinder but does no damage.
Grinder hits you.
* * * LOW HITPOINT WARNING * * *
You writhe in agony.
You die...

...5§...###.#
............#
######.#####
#######.#
#(..55.5#
#5####### #.#
#.#############
#......555@...#
############.##
#.# #.# #.#
######
#.###....####
#....#.#....##
####.#5#.##..#
#....♣♣♣♣'♣♣♣


You could see Grinder (ally target), a friendly crimson imp (summoned) and a
friendly shadow imp (summoned).

Vanquished Creatures
  A dart slug (D:1)
  An endoplasm (D:1)
  A goblin (D:2)
  A hobgoblin (D:1)
  A frilled lizard (D:3)
  A rat (D:2)
6 creatures vanquished.

Vanquished Creatures (collateral kills)
  Jessica (D:2)
  2 worms
  2 ball pythons (D:1)
  4 bats
  3 endoplasms
  2 giant cockroaches
  2 goblins
  A hobgoblin (D:1)
  2 quokkas (D:2)
  2 frilled lizards
  A kobold (D:1)
  6 rats
28 creatures vanquished.

Grand Total: 34 creatures vanquished

Notes
Turn   | Place    | Note
-------+----------+-------------------------------------------
     0 | D:1      | McKennaii the Demigod Summoner began the quest for the Orb.
     0 | D:1      | Reached XP level 1. HP: 14/14 MP: 5/5
   680 | D:1      | Found Ruduhaada's Book Shoppe.
   707 | D:1      | Reached XP level 2. HP: 20/20 MP: 4/7
  1512 | D:2      | Learned a level 2 spell: Call Imp
  1584 | D:2      | Noticed Jessica
  1600 | D:2      | Killed Jessica
  1601 | D:2      | Reached skill level 4 in Summonings
  2040 | D:2      | Reached XP level 3. HP: 22/26 MP: 5/9
  3281 | D:3      | Noticed Grinder
  3288 | D:3      | Paralysed by Grinder for 6 turns
  3351 | D:3      | Paralysed by Grinder for 7 turns
  3355 | D:3      | Slain by Grinder

Illustrated notes

Levels and vault maps discovered:
D:1:      lemuel_arrival_hallway, layout_loops_ring,
          dreamdust_ecumenical_altar_grove, serial_shops, shop,
          lemuel_flame_loot_1
D:2:      layout_loops_ring, uniq_jessica
D:3:      layout_basic, mainiacjoe_overflow_six_doors_small, lemuel_round_altar,
          uniq_grinder

Skill      XL: |  1  2 |
---------------+-------+-----
Spellcasting   | 2 |  2.6
Summonings     | 4 |  4.2
Dodging        | |  1.7
Stealth        | |  1.7

Action                   || total
-------------------------++-------
Melee: Unarmed           ||    87
       Staff             ||     1
 Cast: Summon Small Mamm ||    35
       Call Imp          ||    28
 Stab: Sleeping          ||     2
Armor: Robe              ||    17
Dodge: Dodged            ||    67
